Map: 파라 사이트 - 래더

Players

LiquidSnute (Snute)

  • Race: Zerg Zerg
  • Spawn Location: 5:00

llllllllllll (GuMiho) - Winner!

  • Race: Terran Terran
  • Spawn Location: 11:00

Event: IEM Season 13 - Katowice Server Qualifiers Europe

VOD

Have the link to the VOD?

Description

Time

  • Played on: Jan. 8, 2019, 11:02 a.m.
  • Length: 6:46

All games in this series

Show
View Real Time Build Order
Export as new Build Order

LiquidSnute Zerg 

Build Orders: Hatch First 

Get SALT Encoding   

  12  0:00  Drone  
  13  0:12  Overlord  
  13  0:16  Drone  
  14  0:30  Drone x2  
  14  0:34  Drone  
  17  0:51  Hatchery  
  17  0:54  Drone  
  17  0:57  Drone  
  17  1:01  Extractor  
  17  1:12  Spawning Pool  
  17  1:14  Drone  
  17  1:18  Drone  
  18  1:28  Drone  
  19  1:38  Overlord  
  19  1:49  Drone  
  20  1:58  Queen  
  20  2:00  Zergling x2  
  23  2:03  Queen, Metabolic Boost  
  23  2:05  Zergling x2  
  26  2:11  Drone  
  26  2:14  Drone  
  28  2:22  Drone  
  29  2:24  Drone  
  30  2:32  Drone  
  30  2:37  Drone  
  32  2:42  Overlord  
  32  2:44  Hatchery  
  31  2:46  Drone  
  32  2:54  Drone  
  32  2:57  Drone  
  34  3:00  Queen  
  34  3:04  Drone  
  37  3:06  Drone x3  
  37  3:08  Drone  
  37  3:11  Drone x2  
  37  3:12  Drone  
  44  3:16  Overlord  
  44  3:24  Overlord  
  44  3:34  Drone x2  
  44  3:38  Drone x3  
  51  3:41  Queen  
  51  3:43  Zergling x6  
  51  3:44  Drone  
  51  3:45  Drone  
  58  3:49  Overlord  
  58  3:54  Extractor  
  55  3:57  Lair, Evolution Chamber  
  55  3:58  Drone  
  55  4:01  Drone  
  56  4:06  Drone  
  56  4:10  Drone  
  56  4:14  Drone x3  
  56  4:15  Drone  
  60  4:18  Drone x3  
  60  4:21  Baneling Nest  
  62  4:26  Drone x4  
  62  4:29  Overlord  
  66  4:36  Overlord  
  66  4:37  Overlord  
  66  4:45  Overlord  
  66  4:47  Zerg Ground Armor Level 1, Drone x2  
  66  4:48  Drone x3  
  66  4:52  Queen, Overlord  
  73  4:54  Spore Crawler  
  73  4:56  Spore Crawler  
  73  4:58  Spore Crawler  
  73  4:59  Drone x2  
  72  5:02  Drone  
  73  5:08  Drone  
  73  5:09  Drone  
  73  5:12  Baneling x3  
  73  5:13  Zergling x8, Baneling  
  78  5:14  Queen  
  78  5:20  Zergling x8  
  81  5:25  Zergling x2  
  71  5:30  Drone x3  
  71  5:31  Drone  
  71  5:34  Drone  
  67  5:39  Drone  
  67  5:42  Drone  
  65  5:46  Drone  
  65  5:49  Queen  
  62  5:50  Drone  
  62  5:54  Drone x2  
  65  6:01  Drone  
  66  6:06  Drone x2  
  66  6:09  Spire  
  66  6:10  Extractor  
  64  6:11  Extractor  
  64  6:13  Extractor x2  
  64  6:14  Drone  
  64  6:15  Drone  
  64  6:16  Drone  
  68  6:22  Drone x2  
  68  6:23  Drone x2  
  71  6:28  Zergling x2  
  71  6:29  Zergling x2  
Show
View Real Time Build Order
Export as new Build Order

llllllllllll Terran - Winner!

Build Orders: Command Center First (CC), Hellion Banshee 

Get SALT Encoding   

  12  0:01  SCV  
  13  0:13  SCV  
  14  0:17  Supply Depot  
  14  0:25  SCV  
  15  0:38  SCV  
  16  0:51  SCV  
  17  0:58  Command Center  
  17  1:03  SCV  
  18  1:12  Barracks  
  18  1:16  SCV  
  19  1:21  Refinery  
  19  1:28  SCV  
  19  1:29  Refinery  
  20  1:40  SCV  
  21  1:52  SCV  
  22  1:59  Reaper  
  23  2:04  Orbital Command  
  23  2:10  Orbital Command  
  23  2:17  Factory  
  23  2:30  SCV  
  23  2:32  Barracks Reactor  
  23  2:36  SCV  
  25  2:42  SCV  
  26  2:48  Command Center  
  26  2:52  SCV  
  26  2:54  SCV  
  28  3:02  Starport  
  28  3:05  SCV  
  29  3:06  SCV  
  29  3:12  Hellion  
  34  3:13  Hellion  
  34  3:15  Supply Depot  
  34  3:18  Barracks Tech Lab  
  34  3:21  SCV x2  
  36  3:33  SCV x2  
  38  3:41  Hellion x2  
  42  3:45  Viking  
  42  3:47  SCV x2  
  46  3:49  Cloaking Field  
  46  3:51  Barracks Tech Lab  
  46  3:59  SCV x2  
  46  4:02  Hellion x2  
  53  4:10  Orbital Command  
  53  4:11  SCV  
  53  4:14  Armory  
  53  4:15  SCV  
  53  4:16  Banshee  
  56  4:23  Hellion  
  56  4:24  Hellion  
  60  4:25  SCV  
  60  4:27  Orbital Command  
  61  4:32  Supply Depot  
  61  4:33  Supply Depot  
  61  4:40  SCV x2  
  61  4:41  Barracks Tech Lab  
  61  4:45  Factory x2  
  63  4:47  Hellion x2  
  63  4:52  SCV  
  68  4:53  Refinery x2, SCV  
  68  4:56  SCV  
  68  4:58  Supply Depot  
  70  5:04  Banshee  
  73  5:08  SCV x2  
  75  5:16  Hellion  
  75  5:17  Hellion  
  75  5:18  SCV  
  75  5:20  SCV  
  77  5:31  Hellion  
  77  5:32  SCV x2  
  77  5:38  Hellion x2  
  77  5:40  SCV  
  78  5:44  SCV x2  
  78  5:48  Cyclone  
  77  5:52  SCV  
  77  5:56  SCV x2  
  80  5:59  Hellion x2  
  80  6:04  Refinery, SCV  
  84  6:05  Refinery  
  84  6:08  SCV, Supply Depot  
  89  6:13  Supply Depot  
  89  6:14  Factory  
  89  6:17  Factory, Hellion  
  88  6:18  SCV  
  88  6:19  SCV  
  88  6:20  SCV  
  88  6:23  Hellion  
  93  6:32  SCV x2  
  95  6:33  SCV  
  100  6:44  Command Center  
  102  6:45  Engineering Bay  

Tags
 
Add a new tag
Caveats
  • Supply blocks, unpowered buildings, or Contaminate may cause inaccurate times.
  • Supply counts are checked every 10 seconds.